 Dungeon Crawl Stone Soup version 0.24-a0-205-g1d96822 (webtiles) character file.

Game seed: 18375646301112301642

5621 Ijustatesigmund the Basher (level 10, -5/72 HPs)
             Began as an Octopode Monk on Mar 28, 2019.
             Was a High Priest of Cheibriados.
             Slain by Snorg (22 damage)
             ... on level 10 of the Dungeon.
             The game lasted 00:20:02 (9113 turns).

Ijustatesigmund the Basher (Octopode Monk)          Turns: 9113, Time: 00:20:04

Health: -5/72      AC:  1    Str: 26    XL:     10   Next: 73%
Magic:  14/14      EV: 14    Int: 21    God:    Cheibriados [*****.]
Gold:   262        SH: 12    Dex: 27    Spells: 9/9 levels left

rFire    + . .     SeeInvis .   a - +2 flail (protect)
rCold    + . .     Gourm    .   e - +0 shield
rNeg     + . .     Faith    .   (helmet restricted)
rPois    .         Spirit   .   f - amulet of magic regeneration
rElec    .         Reflect  .   h - ring of positive energy (curse)
rCorr    +         Harm     .   p - ring of protection from fire
MR       .....     Rnd*Rage +   z - ring of stealth
Stlth    ++++++++..             B - ring of resist corrosion
HPRegen  0.22/turn              C - ring of stealth
MPRegen  0.39/turn              w - ring of protection from cold
                                (no ring)
                                (no ring)

@: very slow
A: almost no armour, stealthy swim, amphibious, 8 rings, constrict 8, camouflage
1, berserk 1, dopey 1, low mp 1, strong 1, gelatinous body 1
a: Bend Time, Temporal Distortion, Slouch, Step From Time, Renounce Religion


You were on level 10 of the Dungeon.
You worshipped Cheibriados.
Cheibriados was extremely pleased with you.
You were not hungry.

You visited 2 branches of the dungeon, and saw 11 of its levels.

You collected 550 gold pieces.
You spent 288 gold pieces at shops.

Inventory:

Hand Weapons
 a - a +2 flail of protection (weapon)
 y - a +2 morningstar of holy wrath
Armour
 e - a +0 shield (worn)
 j - a +0 large shield
Jewellery
 f - an amulet of magic regeneration (around mantle)
 h - a cursed ring of positive energy (left tentacle)
 p - a ring of protection from fire (right tentacle)
 w - a ring of protection from cold (on tentacle)
 z - a ring of stealth (on tentacle)
 B - a ring of resist corrosion (on tentacle)
 C - a ring of stealth (on tentacle)
 D - an uncursed ring of fire
Wands
 i - a wand of paralysis (1)
 l - a wand of acid (8)
 q - a wand of iceblast (5)
 s - a wand of scattershot (2)
 u - a wand of flame (32)
 E - a wand of digging (4)
Scrolls
 g - 6 scrolls of remove curse
 m - a scroll of teleportation
 r - a scroll of magic mapping
 v - 3 scrolls of fear
 x - a scroll of immolation
Potions
 c - a potion of lignification
 d - a potion of invisibility
 k - 2 potions of brilliance
 n - a potion of agility {unknown}
 t - a potion of might
 A - a potion of curing {unknown}
Comestibles
 b - 24 rations


   Skills:
 + Level 8.2 Fighting
 + Level 9.3 Maces & Flails
 + Level 3.5 Dodging
 - Level 8.3 Stealth
 + Level 4.2 Shields
 + Level 8.2 Invocations


You had 9 spell levels left.
You didn't know any spells.
Your spell library was empty.

Dungeon Overview and Level Annotations

Branches:
Dungeon (10/15)            Temple (1/1) D:4
   Lair: D:8-11         Orc: D:9-12

Altars:
Cheibriados
Dithmenos
Fedhas
Hepliaklqana
Kikubaaqudgha
Nemelex Xobeh
Sif Muna
Trog
Uskayaw
Vehumet
Wu Jian
Xom
Yredelemnul
The Shining One

Shops:
D:7 (([

Annotations:
D:10 Snorg


Innate Abilities, Weirdness & Mutations

You cannot wear most types of armour.
You are very stealthy in the water. (Stealth+)
You are amphibious.
You can wear up to eight rings at the same time.
You can use your tentacles to constrict eight enemies at once.
Your skin changes colour to match your surroundings (Stealth+).
Your rubbery body absorbs attacks. (AC +1, EV +1)
You tend to lose your temper in combat.
You are dopey. (Int -2)
Your magical capacity is low. (-10% MP)
Your muscles are strong. (Str +2)


Message History

You closely miss Snorg. Your squeeze misses Snorg.
Snorg is lightly wounded.
Snorg bites you. Snorg misses you. You block Snorg's attack.
You thump Snorg! You squeeze Snorg!
Snorg is moderately wounded.
You block Snorg's attack. Snorg claws you! Snorg claws you but does no damage.
You block Snorg's attack. Snorg claws you!
* * * LOW HITPOINT WARNING * * *
Snorg claws you but does no damage.
Okay, then.
You feel much better. Snorg closely misses you. Snorg barely misses you.
Snorg claws you!
Snorg barely misses you. x2; You block Snorg's attack. x3; Snorg misses you.
Snorg rages.
You block Snorg's attack. Snorg claws you! x2
* * * LOW HITPOINT WARNING * * *
Snorg bites you.
* * * LOW HITPOINT WARNING * * *
Snorg closely misses you. Snorg claws you!!
You die...

#.# ..# #.# ..# #.#
..# #.# #..# #.# ##
#.# ...# #... .. #.#
...# #..#
#.#####.###...# #..#
#.......@T....# #..#
#######?###.(.# #>.#
#.# ...# #..##### #.#
...#
#......#######.#.#..##
##.###..............#
#.# #########.#.#.##
#.# ......# ###.#
#.#.#.#


You could see Snorg (berserk).

Vanquished Creatures
  A two-headed ogre (D:8)
  A troll (D:9)
  Grinder (D:5)
  A hippogriff (D:8)
  A spriggan (D:7)
  2 hungry ghosts
  A soldier ant (D:10)
  3 orc warriors
  A sky beast (D:8)
  4 black bears
  An ogre (D:6)
  A phantom (D:9)
  4 centaurs
  A crocodile (D:9)
  A big kobold (D:8)
  4 bullfrogs
  9 killer bees
  5 wights (D:6)
  3 howler monkeys
  6 crimson imps
  A bullfrog zombie (D:7)
  5 hounds
  A quasit (D:7)
  2 jellies
  10 orc priests
  A centaur skeleton (D:6)
  A bullfrog skeleton (D:9)
  Ijyb (D:4)
  3 iguanas
  8 orc wizards
  Natasha (thrice) (D:2)
  4 worker ants
  A howler monkey skeleton (D:6)
  7 adders
  3 shadow imps
  An adder zombie (D:9)
  3 worms
  A dart slug (D:1)
  4 leopard geckos
  41 orcs
  A giant cockroach (D:6)
  4 hobgoblins
  11 kobolds
  A ball python (D:1)
  A ball python skeleton (D:5)
  3 bats
  3 frilled lizards
  3 goblins
  6 rats
185 creatures vanquished.

Notes
Turn   | Place    | Note
-------+----------+-------------------------------------------
     0 | D:1      | Ijustatesigmund the Octopode Monk began the quest for the
                  | Orb.
     0 | D:1      | Reached XP level 1. HP: 16/16 MP: 1/1
   160 | D:1      | Reached XP level 2. HP: 15/21 MP: 2/2
   621 | D:2      | Noticed Natasha
   625 | D:2      | Noticed a crimson imp
   627 | D:2      | Killed Natasha
   627 | D:2      | Reached skill level 1 in Shields
   627 | D:2      | Reached XP level 3. HP: 26/26 MP: 3/3
   738 | D:2      | Reached skill level 4 in Maces & Flails
   892 | D:2      | Reached XP level 4. HP: 17/31 MP: 4/4
   894 | D:2      | Noticed Natasha
   905 | D:2      | Killed Natasha
  1203 | D:2      | Noticed Natasha
  1213 | D:2      | Killed Natasha
  1213 | D:2      | Reached XP level 5. HP: 19/36 MP: 5/5
  1539 | D:2      | Found a deep blue altar of Sif Muna.
  2725 | D:4      | Reached skill level 5 in Maces & Flails
  2725 | D:4      | Reached XP level 6. HP: 36/42 MP: 6/6
  2737 | D:4      | Found a blossoming altar of Fedhas.
  2914 | D:4      | Noticed Ijyb
  2925 | D:4      | Killed Ijyb
  3035 | D:4      | Found a staircase to the Ecumenical Temple.
  3040 | Temple   | Entered the Ecumenical Temple
  3055 | Temple   | Became a worshipper of Cheibriados the Contemplative
  3055 | Temple   | Reached * piety under Cheibriados
  3055 | Temple   | Reached ** piety under Cheibriados
  3368 | D:5      | Entered Level 5 of the Dungeon
  3497 | D:5      | Reached skill level 1 in Invocations
  3639 | D:5      | Found a hide-covered altar of Uskayaw.
  3642 | D:5      | Reached XP level 7. HP: 46/46 MP: 8/8
  3816 | D:5      | Noticed Grinder
  3824 | D:5      | Killed Grinder
  3824 | D:5      | Reached skill level 6 in Maces & Flails
  4091 | D:5      | Reached XP level 8. HP: 37/54 MP: 10/10
  4641 | D:6      | Reached *** piety under Cheibriados
  4648 | D:6      | Reached skill level 5 in Fighting
  4806 | D:6      | Reached skill level 7 in Maces & Flails
  5117 | D:6      | Reached skill level 5 in Invocations
  5402 | D:6      | Reached XP level 9. HP: 53/62 MP: 13/13
  5608 | D:7      | Found Tikloz's Antique Weapon Emporium.
  5813 | D:7      | Found Joataf's Weapon Emporium.
  5816 | D:7      | Bought a +2 morningstar of holy wrath for 288 gold pieces
  5964 | D:7      | Reached **** piety under Cheibriados
  6109 | D:7      | Found Rolepp's Antique Armour Boutique.
  6245 | D:7      | Reached skill level 5 in Stealth
  6392 | D:8      | Reached skill level 8 in Maces & Flails
  6864 | D:8      | Noticed a two-headed ogre
  6875 | D:8      | Killed a two-headed ogre
  6875 | D:8      | Reached XP level 10. HP: 33/71 MP: 15/15
  7204 | D:8      | Reached skill level 9 in Maces & Flails
  7323 | D:8      | Gained mutation: Your magical capacity is low. (-10% MP)
                  | [potion of mutation]
  7323 | D:8      | Gained mutation: You are dopey. (Int -2) [potion of
                  | mutation]
  7323 | D:8      | Gained mutation: You tend to lose your temper in combat.
                  | [potion of mutation]
  7323 | D:8      | Gained mutation: Your muscles are strong. (Str +2) [potion
                  | of mutation]
  7412 | D:9      | Reached ***** piety under Cheibriados
  7682 | D:9      | Found a bloodstained altar of Trog.
  8962 | D:10     | Entered Level 10 of the Dungeon
  9089 | D:10     | Noticed Snorg
  9113 | D:10     | Slain by Snorg

Levels and vault maps discovered:
D:1:      minmay_arrival_four_houses, layout_basic, hangedman_feature_mirror,
          grunt_decor_cap
D:2:      layout_rooms, lemuel_blue_sif_altar, serial_corexii_hall,
          corexii_hall_statues_l, chequers_hall_statues_corner_a,
          chequers_hall_statues_y, corexii_hall_statues_l, chequers_mini_garden,
          serial_bayou_ford_a, uniq_natasha
D:3:      layout_basic, first_ration, minmay_misc_feat_pillars,
          due_unseen_surprise
D:4:      layout_loops_ring, lemuel_doored_altar, temple_statues,
          hangedman_decor_clover_reticule, eino_tiny_chamber,
          minmay_small_thing, uniq_ijyb
D:5:      layout_cave_pods, eat_drink_and_be_merry_uskayaw, uniq_grinder
D:6:      layout_basic, serial_curves, eino_curves_02, eino_curves_03
D:7:      layout_loops_ring, serial_shops, kennysheep_mini_moat, shop, shop,
          the_bakery
D:8:      layout_gridville, serial_glass, glass_columns_a, glass_columns_b,
          minmay_strange_pillars, item_on_display_a, due_unseen_surprise
D:9:      layout_basic, old_standard_altar
D:10:     layout_loops_ring, lair_entry_dummy, grunt_qazlal_sundering,
          uniq_harold, uniq_snorg
Temple:   eino_narrow_crystal_temple

Skill      XL: |  1  2  3  4  5  6  7  8  9 10 |
---------------+-------------------------------+-----
Stealth        | 3 7 8 |  8.3
Shields        | 1 2 3 4 |  4.2
Maces & Flails | 4 5 6 7 8 9 |  9.3
Invocations    | 1 3 5 7 8 |  8.2
Fighting       | 4 6 7 8 |  8.2
Dodging        | |  3.5

Action                   |  1- 3 |  4- 6 |  7- 9 | 10-12 || total
-------------------------+-------+-------+-------+-------++-------
Melee: Mace              |    40 |    75 |       |       ||   115
       Tentacles         |     9 |    24 |    56 |    37 ||   126
       Constrict         |    10 |    25 |    41 |    18 ||    94
       Flail             |       |    12 |   170 |    81 ||   263
Invok: Bend Time         |       |       |     2 |     2 ||     4
       Slouch            |       |       |     1 |       ||     1
Evoke: Wand              |       |     6 |    15 |    12 ||    33
  Use: Scroll            |     4 |     5 |     2 |     4 ||    15
       Potion            |       |       |       |     5 ||     5
 Stab: Sleeping          |     6 |     7 |    12 |     7 ||    32
       Paralysed         |       |     3 |       |       ||     3
       Distracted        |       |       |     1 |       ||     1
       Invisible         |       |       |       |     5 ||     5
  Eat: Chunk             |       |     8 |     5 |     4 ||    17
       Ration            |       |       |       |     1 ||     1
Armor: Skin              |     3 |     4 |    37 |    18 ||    62
Dodge: Dodged            |    11 |    29 |    75 |    59 ||   174
Block: Shield            |    10 |    22 |   114 |    80 ||   226

Table legend:
 A = Non-vault XP
 B = Vault XP
 C = Vault XP percentage of total XP
 D = Non-vault monster count
 E = Vault monster count
 F = Vault count percentage of total count
                 A         B        C        D         E       F
            +---------+---------+-------+---------+---------+-------
      Total |    7402 |     628 |   7.8 |     177 |       8 |   4.3
            +---------+---------+-------+---------+---------+-------
        D:1 |      21 |       2 |   8.7 |      12 |       2 |  14.3
        D:2 |     108 |      35 |  24.5 |       8 |       1 |  11.1
        D:3 |     104 |       0 |   0.0 |      18 |       0 |   0.0
        D:4 |     100 |      90 |  47.4 |       7 |       3 |  30.0
        D:5 |     542 |     277 |  33.8 |      18 |       1 |   5.3
        D:6 |    1228 |       0 |   0.0 |      34 |       0 |   0.0
        D:7 |     442 |     224 |  33.6 |      13 |       1 |   7.1
        D:8 |    2876 |       0 |   0.0 |      38 |       0 |   0.0
        D:9 |    1644 |       0 |   0.0 |      27 |       0 |   0.0
       D:10 |     337 |       0 |   0.0 |       2 |       0 |   0.0
            +---------+---------+-------+---------+---------+-------
